 Dungeon Crawl Stone Soup version 0.29.1-14-g9c671dbff4 (webtiles) character file.

Game seed: 2638769462737011832

188755 LSt the Executioner (level 17, -4/264 HPs)
             Began as a Minotaur Berserker on Feb 14, 2023.
             Was the Champion of Trog.
             Slain by an emperor scorpion (5 damage)
             ... on level 4 of the Spider Nest.
             The game lasted 01:58:36 (30931 turns).

LSt the Executioner (Minotaur Berserker)           Turns: 30931, Time: 01:58:37

Health: -4/264     AC: 33    Str: 29    XL:     17   Next: 48%
Magic:  16/16      EV: 12    Int:  4    God:    Trog [******]
Gold:   2307       SH:  0    Dex: 11    Spells: 16/16 levels left

rFire   + . .      SeeInvis .   a - +4 battleaxe (vamp)
rCold   . . .      Faith    .   (shield currently unavailable)
rNeg    . . .      Spirit   .   t - +4 plate armour {rF+}
rPois   +          Reflect  .   (helmet restricted)
rElec   .          Harm     .   j - +2 cloak
rCorr   +          Rampage  .   i - +2 pair of gloves
Will    +....                   f - +2 pair of boots {Fly}
Stlth   ..........              D - amulet of the acrobat
HPRegen 0.54/turn               n - ring of poison resistance
MPRegen 0.15/turn               A - ring of resist corrosion

@: berserking, lethally poisoned (-4 -> -16), spiked, flying, slowed
A: horns 2, retaliatory headbutt
}: 1/15 runes: barnacled
a: Renounce Religion, Berserk, Trog's Hand, Brothers in Arms


You were on level 4 of the Spider Nest.
You worshipped Trog.
Trog was exalted by your worship.
You visited 5 branches of the dungeon, and saw 26 of its levels.
You also visited: Volcano.

You collected 2560 gold pieces.
You spent 253 gold pieces at shops.

Inventory:

Hand Weapons
 a - a +4 vampiric battleaxe (weapon)
 b - a +1 longbow of flaming
 h - the +2 hand axe "Liag" {spect, *Corrode rN+ Will++}
   (You found it on level 5 of the Lair of Beasts)

   When its wielder attacks, the weapon's spirit leaps out and strikes again.
   The spirit shares a part of any damage it takes with its wielder.
   rN:        It protects you from negative energy.
   *Corrode:  It may corrode you when you take damage.
   Will:      It greatly increases your willpower.
 L - a +3 antimagic battleaxe
 R - a +7 battleaxe
 U - a +5 battleaxe of flaming
Missiles
 v - 8 throwing nets (quivered)
 B - 11 silver javelins
 V - 17 javelins
Armour
 f - a +2 pair of boots of flying (worn)
 i - a +2 pair of gloves (worn)
 j - a +2 cloak (worn)
 t - a +4 plate armour of fire resistance (worn)
 C - a +2 chain mail of cold resistance
 K - +3 storm dragon scales {Bai Suzhen}
Jewellery
 k - a ring of protection from fire
 n - a ring of poison resistance (left hand)
 u - a ring of positive energy
 y - a +4 ring of slaying
 A - a ring of resist corrosion (right hand)
 D - an amulet of the acrobat (around neck)
 E - a ring of ice
 J - a ring of willpower
 Q - a ring of protection from fire
 W - a +4 ring of evasion
Wands
 x - a wand of roots (14)
 z - a wand of digging (6)
 I - a wand of charming (5)
 O - a wand of acid (10)
 Y - a wand of flame (28)
 Z - a wand of mindburst (4)
Scrolls
 c - 2 scrolls of fear
 p - 3 scrolls of magic mapping
 r - 3 scrolls of silence
 w - 7 scrolls of teleportation
 F - 4 scrolls of vulnerability
 M - 4 scrolls of blinking
 P - 5 scrolls of immolation
 S - 6 scrolls of identify
 T - 3 scrolls of poison
 X - a scroll of butterflies
Potions
 d - 15 potions of curing
 e - 9 potions of ambrosia
 g - 7 potions of lignification
 l - 6 potions of might
 m - 2 potions of magic
 o - 2 potions of invisibility
 q - 6 potions of haste
 s - a potion of cancellation
 G - 3 potions of resistance
 H - 10 potions of heal wounds
 N - 2 potions of attraction


   Skills:
 + Level 21.9 Fighting
 + Level 25.0 Axes
 + Level 17.1 Armour
 + Level 12.6 Dodging


You had 16 spell levels left.
You didn't know any spells.
Your spell library contained the following spells:

 Spells                   Type           Power      Damage    Failure   Level
 Apportation              Tloc           0%         N/A       96%         1
 Beastly Appendage        Tmut           0%         N/A       96%         1
 Sandblast                Erth           0%         2d4       96%         1
 Sting                    Tmut/Pois      0%         1d3       96%         1
 Summon Small Mammal      Summ           0%         N/A       96%         1
 Blink                    Tloc           0%         N/A       99%         2
 Passwall                 Tmut/Erth      0%         N/A       99%         2
 Poisonous Vapours        Pois/Air       0%         N/A       99%         2
 Wereblood                Tmut           0%         N/A       99%         2
 Call Canine Familiar     Summ           0%         N/A       100%        3
 Conjure Flame            Conj/Fire      0%         6-21      100%        3
 Frozen Ramparts          Ice            0%         1d1       100%        3
 Ignite Poison            Fire/Tmut/Pois 0%         N/A       100%        3
 Lesser Beckoning         Tloc           0%         N/A       100%        3
 Spider Form              Tmut/Pois      0%         N/A       100%        3
 Stone Arrow              Conj/Erth      0%         3d7       100%        3
 Summon Guardian Golem    Hex/Summ       0%         N/A       100%        3
 Flame Wave               Conj/Fire      0%         2d4       100%        4
 Hailstorm                Conj/Ice       0%         3d3       100%        4
 Ice Form                 Ice/Tmut       0%         N/A       100%        4
 Iskenderun's Mystic Bla  Conj/Tloc      0%         2d3       100%        4
 Olgreb's Toxic Radiance  Pois           0%         N/A       100%        4
 Sticky Flame             Conj/Fire      0%         2d3       100%        4
 Summon Ice Beast         Ice/Summ       0%         N/A       100%        4
 Alistair's Intoxication  Tmut/Pois      0%         N/A       100%        5
 Blade Hands              Tmut           0%         N/A       100%        5
 Irradiate                Conj/Tmut      0%         3d11      100%        5
 Manifold Assault         Tloc           0%         N/A       100%        5
 Summon Forest            Summ/Tloc      0%         N/A       100%        5
 Eringya's Noxious Bog    Tmut/Pois      0%         N/A       100%        6
 Simulacrum               Ice/Necr       0%         N/A       100%        6
 Dragon Form              Tmut           0%         N/A       100%        7
 Storm Form               Tmut/Air       0%         N/A       100%        7
 Summon Hydra             Summ           0%         N/A       100%        7


Dungeon Overview and Level Annotations

Branches:
Dungeon (11/15)            Temple (0/1) D:5            Lair (5/5) D:11
 Shoals (4/4) Lair:2       Spider (4/4) Lair:2        Slime (0/5) Lair:5
    Orc (2/2) D:11            Elf (0/3) Orc:2       Volcano (visited)

Altars:
Ashenzari
Elyvilon
Fedhas
Okawaru
Qazlal
Trog
Uskayaw
Wu Jian
Xom
Yredelemnul
Zin

Shops:
D:5 !   D:9 *   Orc:2 :[!!   Shoals:1 *   Shoals:3 !

Annotations:
D:6 1 runed translucent door, Crazy Yiuf
D:11 3 runed translucent doors, ciphuk's ghost, journeyman TrMo
Shoals:2 2 runed translucent doors, xzight's ghost, adept MiBe


Innate Abilities, Weirdness & Mutations

You have a pair of horns on your head.
You reflexively headbutt those who attack you in melee.


Message History

You feel extremely sick. The sun moth misses you. You furiously retaliate!
You headbutt the sun moth!
You kill the sun moth!
Trog accepts your kill. The steelbarb worm misses you. You furiously retaliate!
You headbutt the steelbarb worm! The steelbarb worm closely misses you.
The emperor scorpion stings you!
* * * LOW HITPOINT WARNING * * *
The emperor scorpion barely misses you. The emperor scorpion claws you.
* * * LOW HITPOINT WARNING * * *
The steelbarb worm hits you!
* * * LOW HITPOINT WARNING * * *
Barbed spikes become lodged in your body.
You chop the emperor scorpion into pieces!!!
You feel better.
Your headbutt misses the emperor scorpion.
The emperor scorpion is heavily wounded.
You slice the steelbarb worm!! You slash the torpor snail!
You feel better.
You barely miss the steelbarb worm.
* * * LOW HITPOINT WARNING * * *
You feel very sick.
The steelbarb worm hits you but does no damage.
The emperor scorpion stings you but does no damage.
The emperor scorpion claws you.
* * * LOW HITPOINT WARNING * * *
The emperor scorpion claws you.
* * * LOW HITPOINT WARNING * * *
The steelbarb worm hits you but does no damage.
The torpor snail barely misses you.
You slice the emperor scorpion!!
The emperor scorpion is severely wounded.
You hit the steelbarb worm.
You feel better.
You slash the torpor snail!
You feel better.
You slice the steelbarb worm!!
You feel better.
You feel very sick. The steelbarb worm hits you!
* * * LOW HITPOINT WARNING * * *
Barbed spikes become lodged in your body.
The emperor scorpion stings you but does no damage.
The emperor scorpion claws you.
You die...

..#...# ##..........
.....^....## ##....†.^....
..^........###^..#^.......
.......^.#..##.........#...
....^.......##............##
......^.........#..#.....##.
...........B^..)#...........
....^.....wsw.##.........^..
.........ww@^####...........
..........#### ##.###......
..........# ### ##)....
.^........# #.<...
........### #^.... ....:.°##
#..... .....°# #...## ....○.
##.## ...=.. ###


You could see an emperor scorpion, a radroach, 2 steelbarb worms and 2 torpor
snails.

Vanquished Creatures
  Bai Suzhen (Spider:3)
  Arachne (Spider:3)
  Mlioglotl (Spider:1)
  Rupert (Lair:4)
  Asterion (Spider:3)
  2 krakens
  2 emperor scorpions
  2 orc warlords (Orc:1)
  Louise (Spider:2)
  Nessos (Lair:4)
  3 entropy weavers
  2 spark wasps
  4 merfolk impalers
  10 merfolk javelineers
  Harold (Orc:1)
  5 hydras
  A boulder beetle (Spider:2)
  6 merfolk avatars
  3 jorogumos
  4 satyrs
  3 catoblepae (Lair:5)
  4 merfolk aquamancers
  3 radroaches
  4 two-headed ogres
  A deep troll shaman (Lair:5)
  10 death yaks
  Urug (Lair:5)
  3 pharaoh ants
  8 steelbarb worms
  5 orb spiders
  11 sea snakes
  3 sun moths
  2 lindwurms
  21 harpies
  12 orc knights
  9 wolf spiders
  15 fauns
  A cyclops (Shoals:4)
  16 manticores
  11 elephants
  2 moths of wrath
  8 merfolk sirens
  3 black mambas
  8 water nymphs
  A guardian serpent (D:11)
  A gargoyle (Volcano)
  8 cane toads
  A molten gargoyle (Volcano)
  3 torpor snails
  A rime drake (Lair:5)
  9 demonic crawlers
  8 komodo dragons
  7 trolls
  13 wind drakes
  25 merfolk
  4 polar bears
  A queen bee (Lair:2)
  7 meliai
  17 blink frogs
  Grinder (D:5)
  13 tarantellas
  17 snapping turtles
  4 dream sheep (Shoals:4)
  9 culicivoras
  16 jumping spiders
  A vampire (D:9)
  A wraith (D:11)
  18 water elementals
  47 yaks
  4 wyverns
  2 fire elementals (Volcano)
  43 redbacks
  4 steam dragons (D:9)
  6 vampire mosquitoes (D:11)
  6 wargs
  2 acid dragons
  9 water moccasins
  A swamp drake (D:11)
  2 ice beasts (D:6)
  51 orc warriors
  3 black bears
  2 ogres
  12 wolves
  10 centaurs
  2 phantoms (D:5)
  Blork the orc (D:6)
  4 kobold brigands
  4 gnoll sergeants
  17 bullfrogs
  A necrophage (D:5)
  2 scorpions
  18 wights
  30 killer bees
  8 electric eels
  4 howler monkeys
  6 jellies
  20 orc priests
  4 hounds
  A gnoll bouda (D:6)
  4 iguanas
  25 orc wizards
  14 gnolls
  7 adders
  A shadow imp (D:5)
  A white imp (D:6)
  An ufetubus (D:6)
  2 worms (D:4)
  4 dart slugs
  108 orcs
  3 ball pythons
  7 bats
  15 endoplasms
  3 giant cockroaches
  9 goblins
  9 hobgoblins
  3 jackals (D:2)
  5 quokkas
  4 frilled lizards
  15 kobolds
  9 rats
  3 bushes (Lair:5)
  4 tentacles
984 creatures vanquished.

Vanquished Creatures (others)
  2 merfolk (Shoals:4)
  A dream sheep (Shoals:4)
  An orc wizard (Orc:1)
  A bush (Lair:5)
  24 fungi
  126 plants
  6 tentacles
161 creatures vanquished.

Grand Total: 1145 creatures vanquished

Notes
Turn   | Place    | Note
-------+----------+-------------------------------------------
     0 | D:1      | LSt the Minotaur Berserker began the quest for the Orb.
     0 | D:1      | Reached XP level 1. HP: 19/19 MP: 0/0
    89 | D:1      | Reached skill level 4 in Axes
   145 | D:1      | Reached XP level 2. HP: 26/26 MP: 1/1
   451 | D:1      | Reached ** piety under Trog
   452 | D:1      | Reached skill level 5 in Axes
   686 | D:2      | Reached XP level 3. HP: 33/33 MP: 2/2
   694 | D:2      | Identified a scroll of acquirement
   694 | D:2      | Acquired a manual of Fighting
   798 | D:2      | Found a faded altar of an unknown god.
  1057 | D:2      | Identified the +3 dagger of Duefey Ywno {vamp, rN+ rCorr
                  | Dex-3 Stlth+}
  1170 | D:2      | Reached skill level 5 in Fighting
  1235 | D:2      | Reached XP level 4. HP: 42/42 MP: 3/3
  1613 | D:3      | Reached XP level 5. HP: 42/51 MP: 4/4
  2336 | D:3      | Found a basalt altar of Yredelemnul.
  2336 | D:3      | Noticed a +0 short sword
  2337 | D:3      | Noticed a +0 falchion
  2341 | D:3      | Noticed a +0 dagger
  2341 | D:3      | Noticed a +0 spear
  2341 | D:3      | Noticed a +0 short sword
  2341 | D:3      | Noticed a +0 spear
  2341 | D:3      | Noticed a +0 dagger
  2345 | D:3      | Noticed a +0 falchion
  2358 | D:3      | Found a hide-covered altar of Uskayaw.
  2564 | D:3      | Reached *** piety under Trog
  2592 | D:3      | Found a shimmering altar of Xom.
  2822 | D:4      | Reached skill level 6 in Axes
  3093 | D:4      | Reached XP level 6. HP: 46/62 MP: 5/5
  3523 | D:5      | Entered Level 5 of the Dungeon
  3673 | D:5      | Reached skill level 7 in Axes
  3751 | D:5      | Reached XP level 7. HP: 65/71 MP: 6/6
  3856 | D:5      | Reached skill level 10 in Fighting
  4038 | D:5      | Found Itraciepp's Distillery.
  4049 | D:5      | Bought a potion of heal wounds for 55 gold pieces
  4198 | D:5      | Bought a potion of haste for 110 gold pieces
  4526 | D:5      | Found a staircase to the Ecumenical Temple.
  4530 | D:5      | Noticed Grinder
  4552 | D:5      | Killed Grinder
  4553 | D:5      | Reached skill level 8 in Axes
  4729 | D:5      | Reached XP level 8. HP: 83/83 MP: 7/7
  4989 | D:5      | Identified the +1 leather armour of Unkoc {rElec Int+3
                  | Slay+3}
  5175 | D:6      | Reached skill level 9 in Axes
  5335 | D:6      | Found a runed translucent door.
  5336 | D:6      | Noticed Crazy Yiuf
  5512 | D:6      | Found an ornate altar of the Wu Jian Council.
  5764 | D:6      | Reached skill level 10 in Axes
  5784 | D:6      | Reached **** piety under Trog
  5984 | D:6      | Noticed Blork the orc
  5996 | D:6      | Killed Blork the orc
  6162 | D:6      | Reached XP level 9. HP: 94/94 MP: 8/8
  6264 | D:5      | Bought a potion of cancellation for 88 gold pieces
  6493 | D:7      | Reached skill level 11 in Axes
  7122 | D:7      | Reached skill level 15 in Fighting
  7456 | D:8      | Reached skill level 12 in Axes
  7713 | D:8      | Noticed a six-headed hydra
  7728 | D:8      | Killed a six-headed hydra
  7729 | D:8      | Reached skill level 13 in Axes
  7729 | D:8      | Reached XP level 10. HP: 110/110 MP: 9/9
  7841 | D:8      | Reached skill level 14 in Axes
  8000 | D:8      | Found a bloodstained altar of Trog.
  8045 | D:8      | Got the Precepts of Warped Kindling
  8272 | D:8      | Found a broken altar of Ashenzari.
  8272 | D:8      | Found an iron altar of Okawaru.
  8273 | D:8      | Found a white marble altar of Elyvilon.
  8622 | D:9      | Reached skill level 15 in Axes
  8657 | D:9      | Noticed an angel
  8658 | D:9      | Found a glowing silver altar of Zin.
  8708 | D:9      | Noticed a two-headed ogre
  8717 | D:9      | Killed a two-headed ogre
  8810 | D:9      | Reached skill level 16 in Axes
  8843 | D:9      | Reached XP level 11. HP: 109/116 MP: 10/10
  8857 | D:9      | Reached ***** piety under Trog
  9186 | D:9      | Noticed a two-headed ogre
  9189 | D:9      | Killed a two-headed ogre
  9269 | D:9      | Found Raciffom's General Store.
  9287 | D:9      | Found a stormy altar of Qazlal.
  9288 | D:9      | Found a blossoming altar of Fedhas.
  9305 | D:9      | Reached skill level 17 in Axes
  9686 | D:10     | Entered Level 10 of the Dungeon
  9845 | D:10     | Received a gift from Trog
 11295 | D:11     | Noticed a two-headed ogre
 11303 | D:11     | Killed a two-headed ogre
 11304 | D:11     | Reached skill level 18 in Axes
 11623 | D:11     | Found a staircase to the Orcish Mines.
 11868 | D:11     | Found a runed translucent gate.
 11868 | D:11     | Found a runed translucent gate.
 11869 | D:11     | Found a runed translucent gate.
 11881 | D:11     | Found a staircase to the Lair.
 12382 | D:11     | Noticed ciphuk's ghost (journeyman TrMo)
 12414 | D:11     | Reached skill level 19 in Axes
 12482 | Lair:1   | Entered Level 1 of the Lair of Beasts
 12554 | Lair:1   | Reached XP level 12. HP: 102/124 MP: 11/11
 12797 | Lair:1   | Reached skill level 20 in Axes
 12984 | Lair:1   | Noticed a six-headed hydra
 12992 | Lair:1   | Killed a six-headed hydra
 13702 | Lair:2   | Reached skill level 5 in Armour
 13754 | Lair:2   | Found a dark tunnel.
 13807 | Volcano  | Entered a volcano
 14341 | Lair:2   | Found a staircase to the Shoals.
 14366 | Lair:2   | Found a hole to the Spider Nest.
 14518 | Lair:2   | Received a gift from Trog
 15099 | Lair:3   | Noticed an eight-headed hydra
 15107 | Lair:2   | Reached XP level 13. HP: 131/134 MP: 12/12
 15260 | Lair:3   | Reached skill level 21 in Axes
 15526 | Lair:3   | Found a stormy altar of Qazlal.
 16173 | Lair:4   | Noticed Rupert
 16191 | Lair:4   | Received a gift from Trog
 16208 | Lair:4   | Killed Rupert
 16446 | Lair:4   | Noticed Nessos
 16467 | Lair:4   | Killed Nessos
 16468 | Lair:4   | Reached skill level 10 in Armour
 16757 | Lair:5   | Entered Level 5 of the Lair of Beasts
 17028 | Lair:5   | Identified the +2 hand axe "Liag" {spect, *Corrode rN+
                  | Will++}
 17158 | Lair:5   | Reached skill level 5 in Dodging
 17177 | Lair:5   | Noticed Urug
 17274 | Lair:5   | Killed Urug
 17405 | Lair:5   | Found a staircase to the Slime Pits.
 17494 | Lair:5   | Reached skill level 22 in Axes
 17527 | Lair:5   | Reached XP level 14. HP: 143/143 MP: 13/13
 18577 | Orc:1    | Entered Level 1 of the Orcish Mines
 18675 | Orc:2    | Entered Level 2 of the Orcish Mines
 18748 | Orc:2    | Received a gift from Trog
 18995 | Orc:1    | Noticed Harold
 19004 | Orc:1    | Killed Harold
 19070 | Orc:1    | Found an ornate altar of the Wu Jian Council.
 19070 | Orc:1    | Found a transporter.
 19317 | Orc:1    | Found a transporter.
 19324 | Orc:1    | Found a transporter.
 19340 | Orc:1    | Found a transporter.
 19341 | Orc:1    | Found an ornate altar of the Wu Jian Council.
 19341 | Orc:1    | Noticed an orc warlord
 19484 | Orc:1    | Killed an orc warlord
 19620 | Orc:1    | Noticed an orc warlord
 19645 | Orc:1    | Killed an orc warlord
 19647 | Orc:1    | Reached ****** piety under Trog
 19944 | Orc:2    | Received a gift from Trog
 20049 | Orc:2    | Found Eplof's Armour Emporium.
 20049 | Orc:2    | Found Mineokhliogu's Book Boutique.
 20206 | Orc:2    | Found a staircase to the Elven Halls.
 20278 | Orc:2    | Received a gift from Trog
 20327 | Orc:2    | Found Noreomn's Distillery.
 20327 | Orc:2    | Found Capheqo's Distillery.
 20773 | Shoals:1 | Entered Level 1 of the Shoals
 20927 | Shoals:1 | Found Ufim's CLEARANCE SALE!.
 21027 | Shoals:1 | Reached XP level 15. HP: 145/152 MP: 14/14
 21030 | Shoals:1 | Reached skill level 23 in Axes
 22221 | Shoals:2 | Identified the +4 war axe of Polytheism {antimagic, rPois
                  | rC+ Will++ Dex-5} (Trog gifted it to you on level 2 of the
                  | Shoals)
 22221 | Shoals:2 | Received a gift from Trog
 22641 | Shoals:2 | Found a large runed translucent door.
 22641 | Shoals:2 | Found a large runed translucent door.
 22643 | Shoals:2 | Noticed xzight's ghost (adept MiBe)
 22770 | Shoals:2 | Noticed a kraken
 22778 | Shoals:2 | Killed a kraken
 23009 | Shoals:3 | Found Emaufefu's Distillery.
 24045 | Shoals:3 | Identified the +1 leather armour of Protective Custody {rF-
                  | Will+++}
 24422 | Shoals:4 | Entered Level 4 of the Shoals
 24492 | Shoals:4 | Reached XP level 16. HP: 165/165 MP: 15/15
 24495 | Shoals:4 | Reached skill level 15 in Armour
 24508 | Shoals:4 | Received a gift from Trog
 24526 | Shoals:4 | Got a barnacled rune of Zot
 24627 | Shoals:4 | Reached skill level 10 in Dodging
 24796 | Shoals:4 | Reached skill level 24 in Axes
 24946 | Shoals:4 | Identified the +3 ring mail "Hosa" {Drain rPois rF+ rCorr}
 25270 | Shoals:4 | Received a gift from Trog
 25717 | Shoals:4 | Noticed a kraken
 25725 | Shoals:4 | Killed a kraken
 26129 | Spider:1 | Entered Level 1 of the Spider Nest
 26868 | Spider:1 | Noticed Mlioglotl
 26877 | Spider:1 | Killed Mlioglotl
 26974 | Spider:1 | Received a gift from Trog
 27437 | Spider:2 | Identified the +12 dagger of Fear {protect, rCorr Dex+4}
 27830 | Spider:2 | Identified the +0 leather armour of Impish Lucidity {Harm
                  | rN+ Stlth+}
 28256 | Spider:2 | Noticed Louise
 28264 | Spider:2 | Killed Louise
 28451 | Spider:2 | Reached XP level 17. HP: 173/173 MP: 16/16
 28862 | Spider:3 | Noticed Arachne
 28887 | Spider:3 | Killed Arachne
 29396 | Spider:3 | Noticed Bai Suzhen
 29424 | Spider:3 | Killed Bai Suzhen
 29564 | Spider:3 | Noticed Asterion
 29573 | Spider:3 | Killed Asterion
 29983 | Spider:3 | Received a gift from Trog
 30452 | Spider:4 | Entered Level 4 of the Spider Nest
 30912 | Spider:4 | Reached skill level 25 in Axes
 30929 | Spider:4 | HP: 13/264 [steelbarb worm (9)]
 30931 | Spider:4 | HP: 1/264 [steelbarb worm (16)]
 30931 | Spider:4 | Slain by an emperor scorpion

Illustrated notes

Levels and vault maps discovered:
D:1:      minmay_arrival_wavy_path, layout_basic
D:2:      layout_basic, basic_ecumenical_altar
D:3:      layout_loops_cross, nicolae_uskayaw_en_pointe, lemuel_tele_altar,
          mainiacjoe_overflow_tiny_flanked, minmay_box_of_dots
D:4:      layout_cave_pools
D:5:      layout_loops_corners, minmay_temple_entry_large_hall, serial_shops,
          nicolae_shop_window_shopping, uniq_grinder
D:6:      layout_basic, mainiacjoe_overflow_surrounded_room, dk_noncrumbling_4,
          minivault_1, nicolae_grassy_gnolls, uniq_blork_the_orc,
          uniq_crazy_yiuf_cottage
D:7:      layout_basic
D:8:      minmay_curly_fans, layout_basic, mainiacjoe_overflow_chevrons,
          gammafunk_temple_overflow_claw
D:9:      cheibrodos_barr_body, layout_basic,
          grunt_temple_overflow_forces_of_nature, zin_angel, serial_shops,
          nicolae_square_shop, minmay_misc_feat_plants
D:10:     layout_basic
D:11:     layout_grid_maze, david_lair_shrubbed, erik_orc_1,
          ebering_ghost_rock_garden, hangedman_decor_lopped,
          nrook_guardian_serpent_double
Lair:1:   layout_roguey
Lair:2:   layout_roguey [special_room_bee], elwin_shoals_entry_stream,
          spider_nest_entry_webs, nicolae_volcano_entry_vermiform
Lair:3:   layout_cave_shapes, lemuel_centaur_altar, grunt_megastairs_2
Lair:4:   layout_misc_corridors, uniq_rupert, uniq_nessos
Lair:5:   grunt_lair_end_beastmaster, layout_small_grid,
          nicolae_slime_entry_slimehenge, serial_forest,
          infiniplex_forest_corner_2, infiniplex_forest_lined_ring,
          infiniplex_forest_clump_C, infiniplex_forest_side_room,
          infiniplex_forest_straight_4, infiniplex_forest_zigzag_1,
          infiniplex_forest_lined_corner, infiniplex_forest_clump_tiny,
          infiniplex_staircase_pool, uniq_urug
Shoals:1: layout_shoals, nicolae_shoals_square_sea_wall, nicolae_shop_clearance
Shoals:2: layout_shoals, ebering_ghost_disaster_area
Shoals:3: layout_shoals, nicolae_stop_n_shop_1,
          nicolae_shoals_water_elemental_grotto
Shoals:4: shoals_end_hangedman, layout_shoals, nicolae_shoals_shepherds
Spider:1: layout_spider_delve, uniq_mlioglotl
Spider:2: layout_chambers, uniq_louise
Spider:3: layout_cave_pods, uniq_bai_suzhen, uniq_asterion, uniq_arachne
Spider:4: hellmonk_spider_rune_bug_friends, drop_trap
Orc:1:    dreamdust_wu_jian_sword_trials, layout_diamond_mine, uniq_harold
Orc:2:    st_orc_town, layout_caves

Skill      XL: |  1  2  3  4  5  6  7  8  9 10 11 12 13 14 15 16 17 |
---------------+----------------------------------------------------+-----
Axes           | 4 5 6 7 8 10 13 16 19 20 22 23 24 25 | 25.0
Fighting       | 5 6 8 9 11 13 16 18 19 20 21 | 21.9
Armour         | 7 11 13 14 16 17 | 17.1
Dodging        | 5 7 9 11 12 | 12.6

Action                   |  1- 3 |  4- 6 |  7- 9 | 10-12 | 13-15 | 16-18 || total
-------------------------+-------+-------+-------+-------+-------+-------++-------
Melee: Hand axe          |    73 |   165 |   135 |       |       |       ||   373
       Headbutt          |    10 |    27 |    50 |    83 |   226 |   158 ||   554
       Punch             |       |     3 |     2 |       |       |       ||     5
       Battleaxe         |       |       |    96 |   516 |  1053 |   627 ||  2292
       Trident           |       |       |     4 |     4 |       |       ||     8
       Halberd           |       |       |       |       |     7 |       ||     7
 Fire: Sling             |       |    17 |     7 |       |       |       ||    24
       Shortbow          |       |       |     8 |    14 |       |       ||    22
       Longbow           |       |       |       |       |    32 |    21 ||    53
Throw: Boomerang         |       |       |     2 |       |       |       ||     2
       Stone             |       |       |     1 |       |       |       ||     1
Invok: Berserk           |       |     1 |     3 |     3 |     3 |     5 ||    15
       Trog's Hand       |       |       |     1 |       |     1 |     2 ||     4
  Use: Scroll            |     4 |     4 |    12 |     6 |     1 |     1 ||    28
       Potion            |       |       |       |       |     1 |     1 ||     2
 Stab: Held in net/web   |       |       |       |     1 |       |       ||     1
       Petrified         |       |       |       |       |     5 |       ||     5
       Invisible         |       |       |       |       |     2 |     1 ||     3
Armor: Ring mail         |    21 |    44 |       |       |       |       ||    65
       Scale mail        |       |       |    12 |       |       |       ||    12
       Chain mail        |       |       |    37 |   111 |   179 |       ||   327
       Plate armour      |       |       |       |       |   214 |   327 ||   541
Dodge: Dodged            |    39 |    69 |    92 |   256 |   621 |   476 ||  1553
       Repelled          |       |       |     3 |     7 |     8 |     5 ||    23
